 Dungeon Sprint DCSS version 0.29-a0-824-gd827844252 (webtiles) character file.

Game seed: 9302198869982139579

276789 mhtbhm the Ninja (level 12, 4/47 HPs)
             Began as a Felid Enchanter on July 9, 2022.
             Was the Champion of Dithmenos.
             Escaped with the Orb!
             The game lasted 00:10:11 (4809 turns).

mhtbhm the Ninja (Felid Enchanter)                  Turns: 4809, Time: 00:10:12

Health: 4/47       AC:  3    Str:  4    XL:     12   Next: 66%
Magic:  25/25      EV: 22    Int: 18    God:    Dithmenos [******]
Gold:   330        SH:  0    Dex: 20    Spells: 15/26 levels left
                                        Lives:  1   Deaths: 1

rFire   . . .      SeeInvis +     - Unarmed
rCold   + . .      Faith    .   (shield unavailable)
rNeg    . . .      Spirit   .   (body armour unavailable)
rPois   .          Reflect  .   (helmet unavailable)
rElec   .          Harm     .   (cloak unavailable)
rCorr   .          Rampage  .   (gloves unavailable)
Will    +....      NoTele   +   (boots unavailable)
Stlth   +++++++...              b - amulet of invisibility {+Inv}
HPRegen 0.15/turn               (no ring)
MPRegen 0.19/turn               (no ring)

@: wreathed by umbra, quick
A: very small, claws 1, fangs 3, see invisible, speed 1, shaggy fur 3, stealthy
paws, no weapons or thrown items, no armour, multi-lived
0: Orb of Zot
a: Renounce Religion, Evoke Invisibility, Shadow Step, Shadow Form


You escaped.
You worshipped Dithmenos.
Dithmenos was exalted by your worship.
You visited 1 branch You collected 482 gold pieces.
You spent 152 gold pieces at shops.

Inventory:

Jewellery
 b - the amulet of invisibility (around neck) {+Inv}
   (You found it in the Dungeon)

   [amulet of nothing]

   +Inv:      It lets you turn invisible.
 i - an amulet of guardian spirit
 l - the amulet of Sin {Harm Drain Regen+ Str+4}
   (You found it in the Dungeon)

   [amulet of regeneration]

   Str:       It affects your strength (+4).
   Regen:     It increases your rate of health regeneration.
   Drain:     It drains your maximum health when unequipped.
   Harm:      It increases damage dealt and taken.
Scrolls
 g - a scroll of blinking
Potions
 e - 2 potions of magic
 f - a potion of attraction {unknown}
 j - a potion of flight {unknown}
Miscellaneous
 h - a lightning rod (4/4)


   Skills:
 + Level 2.3 Fighting
 + Level 7.2 Dodging
 O Level 27 Stealth
 + Level 17.8 Unarmed Combat
 + Level 7.9 Spellcasting
 + Level 2.8 Conjurations
 + Level 12.6 Hexes
 * Level 16.3 Invocations
 + Level 15.1 Evocations


You had 15 spell levels left.
You knew the following spells:

 Your Spells              Type           Power      Damage    Failure   Level
a - Confusing Touch       Hex            51%        N/A       1%          3
b - Tukima's Dance        Hex            51%        N/A       1%          3
c - Ensorcelled Hibernat  Hex/Ice        58%        N/A       1%          2
d - Dazzling Flash        Conj/Hex       70%        N/A       1%          3

Your spell library contained the following spells:

 Spells                   Type           Power      Damage    Failure   Level
 Silence                  Hex/Air        14%        N/A       21%         5
 Passage of Golubria      Tloc           7%         N/A       69%         4
 Malign Gateway           Summ/Tloc      3%         N/A       100%        7
 Lehudib's Crystal Spear  Conj/Erth      6%         10d3      100%        8
 Summon Horrible Things   Summ           3%         N/A       100%        8


Dungeon Overview and Level Annotations

Branches:
Dungeon (1/1)

Altars:
Cheibriados
Dithmenos
Elyvilon
Gozag
Hepliaklqana
Kikubaaqudgha
Makhleb
Nemelex Xobeh
Okawaru
Qazlal
Ru
Sif Muna
Trog
Uskayaw
Vehumet
Wu Jian
Xom
Yredelemnul
Zin
The Shining One
Jiyva
Lugonu

Shops:
D *:[*=(?:(*[*!?*?(:[[:


Innate Abilities, Weirdness & Mutations

You have sharp claws.
You have razor-sharp teeth.
You have supernaturally acute eyesight. (SInv)
You cover ground quickly. (Speed+)
Your thick and shaggy fur keeps you warm. (AC +3, rC+)
Your paws help you pounce on unaware monsters.
You are incapable of wielding weapons or throwing items.
You cannot wear armour.
You gain extra lives every three experience levels.


Message History

Things that are here:
a +0 quarterstaff; a +0 robe You see here a +0 spear.
There is an open door here.
There is an open door here.
There is an entrance to Zuqyud's Assorted Antiques here.
There is an entrance to Iteso's Magic Scroll Shoppe here.
There is an entrance to Cuapunuq's General Store here.
There is an open door here.
There is an open door here.
Things that are here:
a +0 dagger; a +0 robe
Things that are here:
a +1 antimagic war axe; a +0 animal skin
There is an open door here.
There is an open door here.
There is an open door here.
There is an open door here.
There is an open door here.
There is an open door here.
There is an open door here.
There is an open door here.
An Orb Guardian comes into view.
You see here a +0 leather armour.
There is an open door here.
You see here a +0 club.
The Orb Guardian attacks as you move away!
The Orb Guardian hits you!!
Ouch! That really hurt!
You emit a cloud of dark smoke.
The Orb Guardian attacks as you move away!
The Orb Guardian hits you!!
* * * LOW HITPOINT WARNING * * *
There is an open door here.
Okay, then.
Okay, then.
Blink to where?
Press: ? - help, Dir - move target
As you read the scroll of blinking, it crumbles to dust.
You have escaped!

##################
#@.XP#.§§..#.....#
#PP..'.§§..'.#[[.'
#PPPP#.§§..#.#...#
###############'##
#...♣........'...#
#......♣.....#...#
#†....♣..♣..######
##'####'######.|'.
#..#....'.......#♣


You could see an Orb Guardian.

Vanquished Creatures
  the Enchantress (D)
  Agnes (D)
  2 ghost moths (D)
  6 spriggan defenders (D)
  5 spriggan berserkers (D)
  4 spriggan druids (D)
  25 oklob plants (D)
  3 moths of wrath (D)
  4 demonic crawlers (D)
  3 wandering mushrooms (D)
  10 hornets (D)
  2 queen bees (D)
  3 burning bushes (D)
  4 scorpions (D)
  4 killer bees (D)
  5 oklob saplings (D)
  11 spriggans (D)
  A river rat (D)
  A rat (D)
  2 ballistomycete spores (D)
97 creatures vanquished.

Vanquished Creatures (others)
  A fungus (D)
1 creature vanquished.

Grand Total: 98 creatures vanquished

Notes
Turn   | Place    | Note
-------+----------+-------------------------------------------
     0 | D        | mhtbhm the Felid Enchanter began the quest for the Orb.
     0 | D        | Reached XP level 1. HP: 7/7 MP: 4/4
    15 | D        | Reached skill level 5 in Stealth
    15 | D        | Reached skill level 5 in Hexes
    15 | D        | Reached XP level 2. HP: 8/11 MP: 6/6
   419 | D        | Noticed an oklob sapling
   422 | D        | Killed an oklob sapling
   423 | D        | Reached skill level 6 in Stealth
   423 | D        | Reached XP level 3. HP: 14/14 MP: 8/8
   424 | D        | Noticed a scorpion
   424 | D        | Found the amulet of invisibility {+Inv}
   435 | D        | Noticed an oklob sapling
   439 | D        | Killed an oklob sapling
   440 | D        | Reached skill level 7 in Stealth
   447 | D        | Killed a scorpion
   448 | D        | Reached skill level 9 in Stealth
   448 | D        | Reached XP level 4. HP: 14/18 MP: 8/10
   484 | D        | Found an opulent altar of Gozag.
   484 | D        | Found a hazy altar of Hepliaklqana.
   484 | D        | Found a burning altar of Makhleb.
   484 | D        | Found a sparkling altar of Nemelex Xobeh.
   484 | D        | Found a snail-covered altar of Cheibriados.
   484 | D        | Found a sacrificial altar of Ru.
   484 | D        | Found a shimmering blue altar of Sif Muna.
   484 | D        | Found a shimmering altar of Xom.
   484 | D        | Found a basalt altar of Yredelemnul.
   485 | D        | Found a viscous altar of Jiyva.
   485 | D        | Found a bloodstained altar of Trog.
   485 | D        | Found an ornate altar of the Wu Jian Council.
   486 | D        | Found an iron altar of Okawaru.
   486 | D        | Found a shadowy altar of Dithmenos.
   486 | D        | Found a glowing silver altar of Zin.
   487 | D        | Found an ancient bone altar of Kikubaaqudgha.
   487 | D        | Found a hide-covered altar of Uskayaw.
   488 | D        | Found a stormy altar of Qazlal.
   488 | D        | Found a white marble altar of Elyvilon.
   488 | D        | Found a glowing golden altar of the Shining One.
   489 | D        | Found a corrupted altar of Lugonu.
   489 | D        | Found a radiant altar of Vehumet.
   495 | D        | Reached skill level 5 in Dodging
   495 | D        | Reached skill level 10 in Stealth
   495 | D        | Reached XP level 5. HP: 19/21 MP: 9/11
   497 | D        | Became a worshipper of Dithmenos the Shadowed
   620 | D        | Reached skill level 1 in Evocations
   627 | D        | Reached skill level 11 in Stealth
   627 | D        | Reached skill level 10 in Hexes
   627 | D        | Reached * piety under Dithmenos
   628 | D        | Gained mutation: You are covered in thick fur. (AC +2)
                  | [Felid growth]
   628 | D        | Reached XP level 6. HP: 24/24 MP: 10/13
   630 | D        | Reached skill level 12 in Stealth
   657 | D        | Found Xyhuf's General Store.
   657 | D        | Found Isasaa Juche's Magic Scroll Emporium.
   669 | D        | Learned a level 3 spell: Confusing Touch
   673 | D        | Learned a level 3 spell: Tukima's Dance
   676 | D        | Learned a level 2 spell: Ensorcelled Hibernation
   680 | D        | Learned a level 3 spell: Dazzling Flash
   720 | D        | Noticed a queen bee
   727 | D        | Killed a queen bee
   728 | D        | Reached skill level 13 in Stealth
   728 | D        | Reached ** piety under Dithmenos
   729 | D        | Reached skill level 5 in Unarmed Combat
   729 | D        | Reached XP level 7. HP: 27/27 MP: 12/15
   730 | D        | Reached skill level 14 in Stealth
   733 | D        | Reached skill level 5 in Spellcasting
   734 | D        | Noticed an oklob plant
   737 | D        | Killed an oklob plant
   738 | D        | Reached skill level 16 in Stealth
   738 | D        | Reached skill level 5 in Invocations
   738 | D        | Reached XP level 8. HP: 31/31 MP: 13/16
   770 | D        | Noticed a burning bush
   773 | D        | Killed a burning bush
   773 | D        | Reached *** piety under Dithmenos
   774 | D        | Reached skill level 5 in Evocations
   788 | D        | Noticed a burning bush
   788 | D        | Noticed an oklob plant
   789 | D        | Noticed a wandering mushroom
   790 | D        | Killed a burning bush
   791 | D        | Reached skill level 17 in Stealth
   795 | D        | Killed an oklob plant
   796 | D        | Reached skill level 18 in Stealth
   799 | D        | Killed a wandering mushroom
   799 | D        | Reached **** piety under Dithmenos
   800 | D        | Reached XP level 9. HP: 34/34 MP: 15/17
   810 | D        | Noticed a spriggan druid
   811 | D        | Killed a spriggan druid
   812 | D        | Reached skill level 19 in Stealth
   945 | D        | Noticed an oklob plant conjurer
   946 | D        | Killed an oklob plant conjurer
   947 | D        | Reached skill level 20 in Stealth
  1023 | D        | Noticed a burning bush
  1023 | D        | Noticed a wandering mushroom
  1024 | D        | Noticed a wandering mushroom
  1025 | D        | Killed a burning bush
  1026 | D        | Killed a wandering mushroom
  1028 | D        | Killed a wandering mushroom
  1030 | D        | Reached skill level 21 in Stealth
  1034 | D        | Found Reolimy's Armour Emporium.
  1034 | D        | Found Nuwnosk's Book Shoppe.
  1167 | D        | Noticed an oklob plant
  1167 | D        | Noticed an oklob plant summoner
  1168 | D        | Noticed an oklob plant shifter
  1172 | D        | Killed an oklob plant
  1172 | D        | Reached ***** piety under Dithmenos
  1173 | D        | Reached XP level 10. HP: 37/37 MP: 15/18
  1174 | D        | Killed an oklob plant summoner
  1177 | D        | Killed an oklob plant shifter
  1178 | D        | Reached skill level 22 in Stealth
  1307 | D        | Noticed a spriggan rider
  1308 | D        | Found Meot's Armour Emporium.
  1309 | D        | Killed a spriggan rider
  1311 | D        | Reached skill level 23 in Stealth
  1311 | D        | Reached skill level 10 in Unarmed Combat
  1311 | D        | Found Asuhashre's Book Shoppe.
  1313 | D        | Reached skill level 10 in Invocations
  1324 | D        | Identified the +1 whip "Xiq Xuo" {drain, rN+}
  1353 | D        | Noticed Agnes
  1354 | D        | Found Wussaodgh's Magic Scroll Emporium.
  1354 | D        | Found Gezoq's Antique Weapon Shoppe.
  1355 | D        | Killed Agnes
  1359 | D        | Noticed a spriggan berserker
  1361 | D        | Killed a spriggan berserker
  1362 | D        | Reached skill level 24 in Stealth
  1367 | D        | Noticed a spriggan defender
  1370 | D        | Killed a spriggan defender
  1371 | D        | Reached XP level 11. HP: 35/40 MP: 12/20
  1377 | D        | Bought a scroll of blinking for 82 gold pieces
  1423 | D        | Noticed a spriggan rider
  1427 | D        | Killed a spriggan rider
  1428 | D        | Reached skill level 25 in Stealth
  1428 | D        | Reached skill level 10 in Evocations
  1778 | D        | Noticed a ghost moth
  1779 | D        | Found Riubbiu's General Store.
  1779 | D        | Found Konwag's Book Boutique.
  1779 | D        | Found Inukhlei's Armour Emporium.
  1781 | D        | Killed a ghost moth
  1782 | D        | Reached ****** piety under Dithmenos
  1784 | D        | Reached skill level 26 in Stealth
  1813 | D        | Noticed an oklob plant shifter
  1813 | D        | Noticed an oklob plant meteorologist
  1824 | D        | Killed an oklob plant meteorologist
  2143 | D        | Killed an oklob plant shifter
  2195 | D        | Noticed a spriggan rider
  2197 | D        | Killed a spriggan rider
  2246 | D        | Found Ylyam's Jewellery Shoppe.
  2246 | D        | Found Duacesiu's Antique Weapon Boutique.
  2246 | D        | Found Cuapunuq's General Store.
  2246 | D        | Found Cuttono's Book Emporium.
  2246 | D        | Found Iteso's Magic Scroll Shoppe.
  2247 | D        | Found Zuqyud's Assorted Antiques.
  2247 | D        | Found Ocafymni's Armour Shop.
  2247 | D        | Found Iraaw's Weapon Boutique.
  2274 | D        | Noticed an oklob plant summoner
  2275 | D        | Found Vifasmyq's General Store.
  2276 | D        | Found Taawiuq's Distillery.
  2281 | D        | Killed an oklob plant summoner
  2282 | D        | Reached skill level 27 in Stealth
  2285 | D        | Noticed an oklob plant demonologist
  2285 | D        | Noticed an oklob plant annihilator
  2286 | D        | Noticed a spriggan berserker
  2287 | D        | Killed a spriggan berserker
  2288 | D        | Killed an oklob plant demonologist
  2289 | D        | Killed an oklob plant annihilator
  2297 | D        | Identified the amulet of Sin {Harm Drain Regen+ Str+4}
  2522 | D        | Noticed an oklob plant
  2522 | D        | Noticed an oklob plant
  2522 | D        | Noticed an oklob plant
  2522 | D        | Noticed an oklob plant
  2522 | D        | Noticed an oklob plant
  2522 | D        | Noticed an oklob plant
  2523 | D        | Noticed an oklob plant
  2524 | D        | Killed an oklob plant
  2525 | D        | Noticed an oklob plant
  2526 | D        | Killed an oklob plant
  2527 | D        | Noticed an oklob plant
  2528 | D        | Killed an oklob plant
  2529 | D        | Gained mutation: Your thick and shaggy fur keeps you warm.
                  | (AC +3, rC+) [Felid growth]
  2529 | D        | Reached XP level 12. HP: 44/44 MP: 20/22
  2744 | D        | Noticed a spriggan defender
  2744 | D        | Noticed a spriggan defender
  2746 | D        | Killed a spriggan defender
  2747 | D        | Killed a spriggan defender
  2750 | D        | Reached skill level 15 in Unarmed Combat
  2901 | D        | Reached skill level 15 in Invocations
  3114 | D        | Mangled by a spriggan rider
  3115 | D        | Reached XP level 11. HP: -8/40 MP: 18/23
  3163 | D        | Killed a spriggan rider
  3553 | D        | Bought a potion of berserk rage for 70 gold pieces
  3561 | D        | Identified the +2 ring mail of Cuonemi {Fly Will- Int+6}
  3754 | D        | Noticed a spriggan defender
  3754 | D        | Noticed a spriggan druid
  3756 | D        | Killed a spriggan druid
  3758 | D        | Killed a spriggan defender
  3759 | D        | Reached skill level 1 in Fighting
  3759 | D        | Reached skill level 1 in Conjurations
  3760 | D        | Noticed the Enchantress
  3762 | D        | Killed the Enchantress
  3763 | D        | Reached XP level 12. HP: 45/46 MP: 16/24
  3947 | D        | Noticed a ghost moth
  3959 | D        | Killed a ghost moth
  4441 | D        | Noticed a spriggan defender
  4443 | D        | Noticed a spriggan defender
  4444 | D        | Killed a spriggan defender
  4446 | D        | Killed a spriggan defender
  4447 | D        | Reached skill level 15 in Evocations
  4601 | D        | Got the Orb of Zot
  4797 | D        | Noticed an Orb Guardian
  4809 | D        | Escaped with the Orb!

Illustrated notes

Levels and vault maps discovered:
D:        dungeon_sprint_fedhas [sprint_temple]

Skill      XL: |  1  2  3  4  5  6  7  8  9 10 11 12 |
---------------+-------------------------------------+-----
Dodging        | 3 4 5 6 7 |  7.2
Stealth        | 5 6 9 10 11 13 16 18 21 24 27 | 27.0
Hexes          | 5 7 8 9 10 11 12 | 12.6
Spellcasting   | 3 4 5 7 6 |  7.9
Unarmed Combat | 2 3 4 5 6 7 9 10 16 17 | 17.8
Evocations     | 2 3 4 6 8 9 14 15 | 15.1
Invocations    | 3 5 7 8 11 13 16 | 16.3
Fighting       | 1 2 |  2.3
Conjurations   | 1 2 |  2.8

Action                   |  1- 3 |  4- 6 |  7- 9 | 10-12 || total
-------------------------+-------+-------+-------+-------++-------
Melee: Unarmed           |    23 |     7 |    17 |    81 ||   128
       Bite              |     1 |       |       |     3 ||     4
       Punch             |       |       |       |     4 ||     4
 Cast: Dazzling Flash    |       |       |       |     4 ||     4
       Confusing Touch   |       |       |       |     2 ||     2
Invok: Shadow Step       |       |       |     1 |    18 ||    19
 Abil: Evoke Invisibilit |       |     3 |     3 |     7 ||    13
Evoke: Lightning rod     |       |       |       |     5 ||     5
  Use: Potion            |     3 |       |       |     4 ||     7
       Scroll            |       |       |       |     2 ||     2
 Stab: Sleeping          |     4 |     7 |    17 |    56 ||    84
       Invisible         |     1 |       |       |     6 ||     7
Armor: Skin              |     1 |       |       |       ||     1
Dodge: Dodged            |     9 |       |       |    15 ||    24

Table legend: (Time is in decaauts)
 A = Elapsed time spent in this place.
 B = Non-inter-level travel time spent in this place.
 C = Inter-level travel time spent in this place.
 D = Time resting spent in this place.
 E = Time spent auto-exploring this place.
 F = Levels seen in this place.
 G = Mean time per level.
                   A        B        C        D        E       F      G
               +--------+--------+--------+--------+--------+-----+--------+
         Total |   4510 |   4472 |     38 |   3095 |    231 |   1 | 4510.0 |
       Dungeon |   4510 |   4472 |     38 |   3095 |    231 |   1 | 4510.0 |
               +--------+--------+--------+--------+--------+-----+--------+

Top non-repeatable levels by time:
       D: 4510 daAuts
